 Dungeon Crawl Stone Soup version 0.26.0-15-gc6cd9f700b (webtiles) character file.

Game seed: 6673998345404184414

54 jackrogers the Sneak (level 3, -8/20 HPs)
             Began as a Gargoyle Delver on Jan 17, 2021.
             Was an Initiate of Hepliaklqana.
             Mangled by an iguana (9 damage)
             ... on level 5 of the Dungeon.
             The game lasted 00:01:10 (608 turns).

jackrogers the Sneak (Gargoyle Delver)               Turns: 608, Time: 00:01:11

Health: -8/20      AC:  6    Str: 16    XL:     3   Next: 91%
Magic:  3/3        EV: 11    Int: 10    God:    Hepliaklqana [......]
Gold:   0          SH:  0    Dex: 11    Spells: 2/2 levels left

rFire    . . .     SeeInvis .   a - +0 falchion
rCold    . . .     Faith    .   (no shield)
rNeg     + . .     Spirit   .   b - +0 leather armour
rPois    ∞         Reflect  .   (no helmet)
rElec    +         Harm     .   (no cloak)
rCorr    .         Rampage  .   (no gloves)
Will     .....                  (no boots)
Stlth    +++.......             (no amulet)
HPRegen  0.06/turn              (no ring)
MPRegen  0.08/turn              (no ring)

@: hasted, very quick
A: reduced essence, negative energy resistance 1, electricity resistance,
unbreathing, petrification resistance, miasma immunity, AC +3
a: Renounce Religion, Recall Ancestor, Ancestor Identity


You were on level 5 of the Dungeon.
You worshipped Hepliaklqana.
Hepliaklqana was noncommittal.
You visited 2 branches of the dungeon, and saw 2 of its levels.

Inventory:

Hand Weapons
 a - a +0 falchion (weapon)
Armour
 b - a +0 leather armour (worn)
Wands
 g - a wand of digging (3)
Scrolls
 c - a scroll of fog
 d - a scroll of magic mapping {!r}
 e - a scroll of fear
 h - a scroll of remove curse {unknown}


   Skills:
 - Level 3.2 Fighting
 + Level 3.7 Long Blades
 - Level 1.5 Dodging
 - Level 5.4 Stealth


You had 2 spell levels left.
You didn't know any spells.
Your spell library was empty.

Dungeon Overview and Level Annotations

Branches:
Dungeon (5/15)             Temple (1/1) D:5

Altars:
Ashenzari
Dithmenos
Elyvilon
Gozag
Hepliaklqana
Kikubaaqudgha
Makhleb
Nemelex Xobeh
Qazlal
Ru
Uskayaw

Annotations:
D:5 1 transporter


Innate Abilities, Weirdness & Mutations

You are resistant to torment.
Your stone body is resilient. (AC +3)
You are immune to poison.
You resist negative energy. (rN+)
You are resistant to electric shocks. (rElec)
You can survive without breathing.
You are immune to petrification.
You are immune to miasma.
Your life essence is reduced to manifest your ancestor. (-10% HP)


Message History

You kneel at the altar of Hepliaklqana.
You kneel at the altar of Hepliaklqana.
Hepliaklqana welcomes you!
Hepliaklqana forms a fragment of your life essence into the memory of your ancestor, Aula!
You can now recall your ancestor.
You can now remember your ancestor's identity.
There is an open door here.
Done exploring.
Done exploring.
(D) Dungeon (T) Temple
Where to? (? - help)
There is a staircase back to the Dungeon here.
You climb upwards.
Level annotation: 1 transporter The bullfrog zombie hits you but does no damage.
The bullfrog zombie hits you.
There is a staircase to the Ecumenical Temple here.
You hit the bullfrog zombie. The bullfrog zombie misses you. x2
Aula hits the bullfrog zombie.
You hit the bullfrog zombie.
The bullfrog zombie hits you but does no damage.
Aula barely misses the bullfrog zombie.
You barely miss the bullfrog zombie. The bullfrog zombie closely misses you.
Aula closely misses the bullfrog zombie.
The bullfrog zombie hits you.
You hit the bullfrog zombie.
The bullfrog zombie hits you but does no damage.
Aula closely misses the bullfrog zombie.
You barely miss the bullfrog zombie. The bullfrog zombie hits you.
Aula closely misses the bullfrog zombie.
The bullfrog zombie hits you but does no damage.
You hit the bullfrog zombie.
Aula barely misses the bullfrog zombie.
The bullfrog zombie barely misses you.
Aula hits the bullfrog zombie.
You hit the bullfrog zombie. The bullfrog zombie misses you.
The bullfrog zombie hits you but does no damage.
Aula hits the bullfrog zombie.
You barely miss the bullfrog zombie. The bullfrog zombie barely misses you.
You riposte.
You hit the bullfrog zombie.
Aula hits the bullfrog zombie.
You barely miss the bullfrog zombie. The bullfrog zombie misses you.
Aula barely misses the bullfrog zombie.
The bullfrog zombie hits you but does no damage.
You barely miss the bullfrog zombie. The bullfrog zombie barely misses you.
Aula hits the bullfrog zombie.
The bullfrog zombie is destroyed!
Your Long Blades skill increases to level 3!
You have reached level 3!
Your experience leads to an increase in your attributes!
Increase (s)trength, (i)ntelligence, or (d)exterity?
You feel stronger.
Aula remembers more of her old skill.
You start resting.
You swap places.
A shadow imp comes into view.
Spoiler Alert: The shadow imp (asleep) can Animate Dead!
A shadow imp is nearby!
Spoiler Alert: The shadow imp (asleep) can Animate Dead!
A shadow imp is nearby!
Spoiler Alert: The shadow imp (asleep) can Animate Dead!
A shadow imp is nearby!
Spoiler Alert: The shadow imp (asleep) can Animate Dead!
The shadow imp shouts, "Flounder, thou mewling flat-headed guttersnipe!"
Spoiler Alert: The shadow imp can Animate Dead!
The shadow imp gestures at you. Pain shoots through your body!
You barely miss the shadow imp. The shadow imp gestures at you.
Pain shoots through your body!
You hit the shadow imp but do no damage.
The shadow imp misses you.
You riposte.
You closely miss the shadow imp.
Spoiler Alert: The shadow imp can Animate Dead!
You hit the shadow imp.
An iguana comes into view.
The shadow imp barely misses you.
The iguana hisses angrily.
You hit the shadow imp. The shadow imp barely misses you.
You barely miss the shadow imp. The shadow imp gestures at you.
Pain shoots through your body! The shadow imp barely misses you.
Spoiler Alert: The shadow imp can Animate Dead!
You swap places.
Aula hits the shadow imp but does no damage.
The shadow imp barely misses Aula.
Aula hits the shadow imp but does no damage.
The shadow imp barely misses Aula.
Aula hits the shadow imp but does no damage.
The shadow imp hits Aula.
Spoiler Alert: The shadow imp can Animate Dead!
Aula completely misses the shadow imp.
The shadow imp hits Aula.
Aula is destroyed!
The shadow imp grinds its teeth.
You hit the shadow imp.
You kill the shadow imp!
You completely miss the iguana. The iguana misses you.
You hit the iguana. The iguana bites you.
* * * LOW HITPOINT WARNING * * *
You hit the iguana but do no damage. The iguana closely misses you.
You hit the iguana but do no damage. The iguana bites you.
* * * LOW HITPOINT WARNING * * *
You feel yourself speed up. The iguana bites you!
You die...

..# #.# ##.##
##...## # ..... .###
#.## ...###...##
##....#......#.. #.
#..l#..##.. #.#
####@.##..## .##
#..####..###... ..#
.........###.# ..#
..#...>..#R.# #..#
#..#.......## #..#
#.
##.##..######..###.#
#
#####.............#
##..#####.#.####
.....####.##..###


You could see an iguana.

Vanquished Creatures
  An adder (D:5)
  A shadow imp (D:5)
  An orc (D:5)
  A giant cockroach (D:5)
4 creatures vanquished.

Vanquished Creatures (collateral kills)
  A bullfrog zombie (D:5)
1 creature vanquished.

Vanquished Creatures (others)
  An ancestor (D:5)
1 creature vanquished.

Grand Total: 6 creatures vanquished

Notes
Turn   | Place    | Note
-------+----------+-------------------------------------------
     0 | D:5      | jackrogers the Gargoyle Delver began the quest for the Orb.
     0 | D:5      | Reached XP level 1. HP: 14/14 MP: 1/1
    45 | D:5      | Reached skill level 2 in Long Blades
    45 | D:5      | Reached XP level 2. HP: 10/19 MP: 2/2
   190 | D:5      | Found a sparkling altar of Nemelex Xobeh.
   190 | D:5      | Found a transporter.
   190 | D:5      | Noticed a shadow
   241 | D:5      | Found a staircase to the Ecumenical Temple.
   243 | D:5      | Noticed a scorpion
   248 | Temple   | Entered the Ecumenical Temple
   401 | Temple   | Became a worshipper of Hepliaklqana the Forgotten
   478 | D:5      | Reached skill level 3 in Long Blades
   478 | D:5      | Reached XP level 3. HP: 14/20 MP: 3/3
   607 | D:5      | HP: 1/20 [iguana (6)]
   608 | D:5      | Mangled by an iguana

Illustrated notes

Levels and vault maps discovered:
D:5:      layout_loops_ring, lemuel_crystal_altar, minmay_temple_entry_wispy,
          grunt_ministairs_1, grunt_nemelex_the_gamble, uniq_pikel,
          uniq_menkaure
Temple:   minmay_temple_curvy_loop

Skill      XL: |  1  2 |
---------------+-------+-----
Long Blades    | 2 3 |  3.7
Fighting       | |  3.2
Dodging        | |  1.5
Stealth        | |  5.4

Action                   || total
-------------------------++-------
Melee: Falchion          ||    31
  Use: Potion            ||     1
Armor: Leather armour    ||     8
Dodge: Dodged            ||    22
       Rpst.: Falchion   ||     5

Table legend: (Time is in decaauts)
 A = Elapsed time spent in this place.
 B = Non-inter-level travel time spent in this place.
 C = Inter-level travel time spent in this place.
 D = Time resting spent in this place.
 E = Time spent auto-exploring this place.
 F = Levels seen in this place.
 G = Mean time per level.
                   A        B        C        D        E       F      G
               +--------+--------+--------+--------+--------+-----+--------+
         Total |    613 |    589 |     24 |    237 |    261 |   2 |  306.5 |
       Dungeon |    394 |    394 |      0 |    237 |     79 |   1 |  394.0 |
        Temple |    219 |    195 |     24 |      0 |    182 |   1 |  219.0 |
               +--------+--------+--------+--------+--------+-----+--------+

Top non-repeatable levels by time:
     D:5: 394 daAuts
  Temple: 219 daAuts

Table legend:
 A = Kills in this place as a percentage of kills in entire the game.
 B = Kills by you in this place as a percentage of kills by you in the entire game.
 C = Kills by friends in this place as a percentage of kills by friends in the entire game.
 D = Other kills in this place as a percentage of other kills in the entire game.
 E = Experience gained in this place as a percentage of experience gained in the entire game.
 F = Experience gained in this place divided by the number of levels of this place that you have seen.
                   A       B       C       D       E      F
               +-------+-------+-------+-------+-------+----------------------
         Total | 100.0 | 100.0 | 100.0 |   N/A | 100.0 |  39.0
       Dungeon | 100.0 | 100.0 | 100.0 |   N/A | 100.0 |  78.0
               +-------+-------+-------+-------+-------+----------------------
